 Dungeon Crawl Stone Soup version 0.19-a0-1091-g463c9de (webtiles) character file.

221 mistymad the Skirmisher (level 5, 0/47 HPs)
             Began as a Ghoul Monk on Aug 7, 2016.
             Slain by RexLacerta's ghost (9 damage)
             ... on level 3 of the Dungeon.
             The game lasted 00:08:18 (2856 turns).

mistymad the Skirmisher (Ghoul Monk)                Turns: 2856, Time: 00:08:19

Health: 0/47       AC:  9    Str: 16    XL:     5   Next: 98%
Magic:  4/4        EV:  7    Int:  5    God:
Gold:   64         SH:  0    Dex: 11    Spells: 0 memorised, 4 levels left

rFire  . . .     SeeInvis .     m - +2 whip (flame)
rCold  + . .     Gourm    .     f - +4 ring mail
rNeg   + + +     Faith    .     (no shield)
rPois  ∞         Spirit   .     (no helmet)
rElec  .         Dismiss  .     (no cloak)
rCorr  .         Reflect  .     (no gloves)
SustAt .         Harm     .     (no boots)
MR     .....     Rnd*Tele +     (no amulet)
Stlth  +.........               (no ring)
                                r - ring of teleportation (curse)

@: rotting
A: rotting body, claws 1, carnivore 3, cold resistance 1, negative energy
resistance 3, slow regeneration 1, torment resistance, unbreathing
a: no special abilities


You were on level 3 of the Dungeon.
You were not hungry.

You visited 1 branch of the dungeon, and saw 3 of its levels.

You collected 64 gold pieces.

Inventory:

Hand Weapons
 a - a +0 mace
 m - a +2 whip of flaming (weapon)
Armour
 f - a +4 ring mail (worn)
Jewellery
 r - a cursed ring of teleportation (left claw)
Wands
 o - a wand of lightning (6/15)
Scrolls
 b - a scroll of fear {unknown}
 g - a scroll of random uselessness {unknown}
 i - a scroll of recharging {unknown}
 k - a scroll of amnesia {unknown}
 n - 2 scrolls of identify {unknown}
 q - a scroll of remove curse {unknown}
Potions
 e - a potion of heal wounds {unknown}
 h - a potion of cure mutation {unknown}
 j - 2 potions of curing {unknown}
 l - a potion of agility {unknown}
 s - a potion of lignification {unknown}
 u - a potion of haste {unknown}
Books
 t - a book of Death

   Spells                             Type                      Level
   a - Corpse Rot                     Necromancy                   2
   b - Sublimation of Blood           Necromancy                   2
   c - Agony                          Necromancy                   5
   d - Dispel Undead                  Necromancy                   5
   e - Excruciating Wounds            Charms/Necromancy            5
   f - Bolt of Draining               Conjuration/Necromancy       5
Comestibles
 c - 2 meat rations
 d - a chunk of flesh


   Skills:
 + Level 4.4 Fighting
 + Level 3.7 Maces & Flails
 + Level 2.5 Armour
 + Level 3.5 Dodging
 - Level 2.1 Stealth


You had 4 spell levels left.
You didn't know any spells.

Dungeon Overview and Level Annotations

Branches:
Dungeon (3/15)

Altars:
Ashenzari
Makhleb
Trog
The Shining One

Annotations:
D:3 RexLacerta's ghost, amateur TrMo


Innate Abilities, Weirdness & Mutations

Your body is rotting away.
You thrive on raw meat.
You are immune to poison.
You have sharp fingernails.
You are carnivorous and can eat meat at any time.
Your flesh is cold resistant. (rC+)
You are immune to negative energy. (rN+++)
You regenerate slowly when monsters are visible.
You are immune to unholy pain and torment.
You can survive without breathing.


Message History

RexLacerta's ghost hits you but does no damage.
You closely miss RexLacerta's ghost.
RexLacerta's ghost is lightly damaged.
RexLacerta's ghost hits you!
You take 7 damage, and have 39/47 hp.
You hit RexLacerta's ghost but do no damage.
RexLacerta's ghost is lightly damaged.
RexLacerta's ghost hits you.
You take 6 damage, and have 33/47 hp.
You closely miss RexLacerta's ghost.
RexLacerta's ghost is lightly damaged.
RexLacerta's ghost hits you!
You take 10 damage, and have 23/47 hp.
MASSIVE DAMAGE!!
You barely miss RexLacerta's ghost.
RexLacerta's ghost is lightly damaged.
RexLacerta's ghost hits you!
* * * LOW HITPOINT WARNING * * *
You take 14 damage, and have 9/47 hp.
MASSIVE DAMAGE!!
RexLacerta's ghost hits you!
You die...

### ########### #.#
.........>##########.#
####....###....(.#...###
#.#..# #.##.#.......#
#....###....#.#.#.#.#####
######.......#.#@#.#.#.#...#
....########.#...W.#.....#.#
....# #.##..#####.#.#.#
....# #...).#.........#
....# ####..#[.#.###.#####
....# #.....#..#.....# ....#
#######..####### ....#
##........#### #####
#............#


You could see RexLacerta's ghost.

Vanquished Creatures
  An orc priest (D:3)
  An orc wizard (D:3)
  3 gnolls
  4 adders
  An ooze (D:2)
  A worm (D:3)
  A dart slug (D:2)
  2 giant geckos
  5 orcs
  4 giant cockroaches
  14 goblins
  10 hobgoblins
  4 jackals (D:1)
  2 ball pythons (D:3)
  7 bats
  5 giant newts
  15 kobolds
  10 rats
90 creatures vanquished.

Vanquished Creatures (others)
  A wizard (D:3)
1 creature vanquished.

Grand Total: 91 creatures vanquished

Notes
Turn   | Place    | Note
-------+----------+-------------------------------------------
     0 | D:1      | mistymad the Ghoul Monk began the quest for the Orb.
     0 | D:1      | Reached XP level 1. HP: 19/19 MP: 0/0
    90 | D:1      | Reached XP level 2. HP: 11/25 MP: 1/1
   388 | D:1      | Found a glowing golden altar of the Shining One.
   586 | D:1      | Reached skill level 1 in Armour
   636 | D:1      | Reached XP level 3. HP: 22/31 MP: 2/2
  1019 | D:2      | Found a burning altar of Makhleb.
  1106 | D:2      | Reached XP level 4. HP: 32/40 MP: 3/3
  1777 | D:2      | Reached skill level 4 in Fighting
  1883 | D:3      | Reached XP level 5. HP: 42/46 MP: 4/4
  1956 | D:3      | Noticed RexLacerta's ghost (amateur TrMo)
  2213 | D:3      | Found a shattered altar of Ashenzari.
  2357 | D:3      | HP: 2/47 [RexLacerta's ghost (15)]
  2597 | D:3      | Found a bloodstained altar of Trog.
  2598 | D:3      | Noticed a wizard
  2604 | D:3      | Killed a wizard
  2856 | D:3      | Slain by RexLacerta's ghost

Vault maps used:
D:1:      lemuel_arrival_behind_the_door_small, tso_metal_star
D:2:      lemuel_crystal_altar
D:3:      cheibrodos_ashenzari_chains, st_stairs_12, trog_wizard

Skill      XL: |  1  2  3  4  5 |
---------------+----------------+-----
Maces & Flails | 3 |  3.7
Armour         | 1 2 |  2.5
Dodging        | 3 |  3.5
Fighting       | 4 |  4.4
Stealth        | |  2.1

Action                   |  1- 3 |  4- 6 || total
-------------------------+-------+-------++-------
Melee: Mace              |   129 |    59 ||   188
       Whip              |       |   137 ||   137
 Stab: Sleeping          |     3 |     2 ||     5
  Eat: Chunk             |    12 |    32 ||    44
Armor: Robe              |    35 |     8 ||    43
       Scale mail        |       |    56 ||    56
       Chain mail        |       |     6 ||     6
       Ring mail         |       |     2 ||     2
Dodge: Dodged            |   138 |   105 ||   243
